Map: Overgrown Facility

Players

Ekelpack - Winner!

  • Race: Zerg Zerg
  • Spawn Location: 3:00

Nyck - Winner!

  • Race: Terran Terran
  • League: Silver
  • Spawn Location: 1:00

Scaramouche

  • Race: Terran Terran
  • League: Diamond
  • Spawn Location: 7:00

telemaque

  • Race: Protoss Protoss
  • Spawn Location: 9:00

VOD

Have the link to the VOD?

Description

Time

  • Played on: Oct. 15, 2024, 2:31 p.m.
  • Length: 18:42
Show
View Real Time Build Order
Export as new Build Order

Ekelpack Zerg - Winner!

Build Orders: Hatch First 

Get SALT Encoding   

  12  0:00  Drone  
  13  0:12  Overlord  
  13  0:18  Drone  
  14  0:31  Drone  
  15  0:47  Hatchery  
  15  0:49  Drone  
  15  1:08  Spawning Pool  
  15  1:09  Drone  
  15  1:12  Extractor  
  15  1:14  Drone  
  15  1:19  Drone  
  15  1:23  Drone  
  17  1:31  Drone  
  18  2:00  Queen x2  
  22  2:03  Drone  
  23  2:11  Metabolic Boost  
  23  2:13  Zergling x2  
  24  2:20  Drone  
  24  2:21  Extractor  
  24  2:28  Drone x2  
  26  2:31  Drone x2  
  28  2:49  Lair  
  28  3:01  Overlord  
  28  3:12  Overlord  
  28  3:20  Zergling x8  
  28  3:24  Drone  
  28  3:25  Drone x3, Overlord  
  36  3:38  Drone  
  36  3:39  Drone x2  
  39  3:43  Extractor  
  38  3:51  Spire  
  38  3:52  Drone x3  
  40  3:56  Extractor  
  39  4:05  Drone  
  40  4:17  Queen  
  42  4:31  Drone x5  
  45  4:32  Drone  
  48  4:42  Queen  
  50  5:03  Zerg Flyer Weapons Level 1  
  50  5:04  Overlord  
  50  5:27  Mutalisk x5  
  60  5:30  Overlord x2  
  55  5:48  Mutalisk x5  
  55  5:49  Mutalisk x2  
  69  5:50  Overlord  
  61  6:23  Drone x4  
  65  6:32  Queen  
  65  6:48  Mutalisk x6  
  65  6:50  Overlord  
  65  6:51  Overlord  
  77  7:02  Zerg Flyer Weapons Level 2  
  77  7:19  Hatchery  
  74  7:45  Zergling x8  
  78  7:52  Drone x2  
  78  7:53  Drone  
  78  7:54  Infestation Pit  
  80  8:10  Evolution Chamber  
  79  8:12  Evolution Chamber  
  79  8:16  Drone  
  79  8:17  Drone x3  
  82  8:21  Zergling x8  
  86  8:41  Hive  
  86  8:42  Zerg Melee Weapons Level 1  
  86  8:43  Zerg Ground Armor Level 1  
  86  8:45  Zergling x6  
  89  8:55  Drone x3  
  91  8:56  Drone x6  
  96  9:36  Zergling x4  
  96  9:37  Zergling x12  
  96  9:38  Zergling x2  
  105  9:58  Adrenal Glands  
  104  10:14  Overlord x4  
  104  10:22  Extractor  
  104  10:27  Hatchery  
  102  10:37  Zerg Melee Weapons Level 2  
  102  10:38  Zerg Ground Armor Level 2  
  102  10:46  Ultralisk Cavern  
  101  10:59  Overseer x2  
  101  11:02  Overlord x2  
  101  11:22  Overlord  
  101  11:39  Ultralisk x4  
  137  11:40  Ultralisk x4  
  137  11:44  Drone  
  137  11:45  Drone x3  
  137  11:46  Extractor  
  152  11:56  Chitinous Plating  
  152  12:09  Drone x2  
  152  12:10  Drone, Overlord x2  
  155  12:23  Overlord, Ultralisk x2  
  155  12:29  Extractor  
  166  12:30  Extractor  
  90  13:07  Zergling x2, Ultralisk x3  
  90  13:08  Zergling x14  
  90  13:09  Zergling x6  
  119  13:18  Zergling x10  
  119  13:19  Zergling x12  
  131  13:20  Zergling x2  
  131  13:23  Anabolic Synthesis  
  129  13:47  Overseer x3  
  118  13:53  Zergling x6, Ultralisk  
  118  13:54  Zergling x12  
  118  13:55  Zergling x4  
  133  14:04  Zerg Melee Weapons Level 3  
  133  14:11  Zerg Ground Armor Level 3  
  133  14:15  Zergling x8  
  137  14:21  Drone  
  110  14:47  Zergling x4, Ultralisk x2  
  110  14:48  Zergling x8  
  122  14:59  Zergling x2, Ultralisk  
  130  15:00  Zergling x6  
  132  15:11  Drone  
  134  15:14  Drone x2  
  135  15:33  Queen  
  135  15:35  Drone x2  
  139  15:44  Ultralisk x2  
  139  15:45  Zergling x2  
  152  16:00  Hatchery  
  146  16:34  Ultralisk  
  146  16:35  Ultralisk x4  
  146  16:36  Zergling x4  
  146  16:37  Overlord x3  
  175  16:54  Overlord x3  
  175  17:13  Drone  
  176  17:22  Greater Spire  
  176  17:31  Zergling x8, Ultralisk x3  
  193  17:53  Zergling x4  
  193  17:54  Zergling x4  
  197  18:03  Extractor  
  197  18:04  Extractor  
  150  18:14  Zergling x4  
  150  18:15  Zergling x10  
Show
View Real Time Build Order
Export as new Build Order

Nyck Terran - Winner!

Build Orders: Reaper Expand 

Get SALT Encoding   

  12  0:00  SCV  
  13  0:12  SCV  
  14  0:18  Supply Depot  
  14  0:24  SCV  
  15  0:41  SCV, Barracks  
  16  0:46  Refinery  
  16  0:55  SCV  
  17  1:02  Refinery  
  17  1:07  SCV  
  18  1:23  SCV  
  19  1:29  Reaper  
  20  1:35  Supply Depot  
  20  1:37  Orbital Command  
  20  2:09  Command Center  
  20  2:14  Barracks Tech Lab  
  20  2:18  SCV  
  21  2:28  Factory  
  21  2:36  SCV  
  22  2:48  SCV  
  23  3:02  Marauder  
  23  3:04  Concussive Shells  
  25  3:08  SCV  
  26  3:16  Hellion  
  26  3:19  Starport  
  28  3:20  SCV  
  28  3:25  Marauder  
  31  3:33  SCV  
  32  3:36  Orbital Command  
  32  3:41  Hellion  
  34  3:45  SCV  
  34  3:47  Combat Shield  
  35  3:57  SCV  
  35  4:00  Marauder  
  35  4:02  Hellion  
  40  4:06  SCV  
  40  4:09  SCV  
  42  4:13  Supply Depot  
  42  4:18  SCV  
  43  4:26  SCV  
  43  4:29  Hellion  
  46  4:35  SCV, Marauder, Medivac  
  46  4:37  Supply Depot  
  46  4:38  SCV  
  52  4:47  SCV  
  52  4:50  SCV  
  54  4:59  Engineering Bay  
  54  5:05  SCV  
  54  5:06  SCV  
  56  5:11  Marauder  
  58  5:17  Hellion  
  58  5:18  Medivac  
  62  5:26  Engineering Bay  
  60  5:32  Marine  
  61  5:39  Cyclone  
  63  5:49  SCV, Marine, Missile Turret x2  
  65  5:50  SCV  
  65  5:53  Refinery  
  65  5:55  Refinery  
  66  5:59  Terran Infantry Weapons Level 1  
  66  6:00  Terran Infantry Armor Level 1, Command Center  
  66  6:01  SCV  
  66  6:02  SCV  
  68  6:11  Marine  
  69  6:12  Stimpack  
  69  6:13  SCV  
  70  6:22  Viking  
  70  6:23  SCV, Cyclone  
  75  6:26  SCV  
  75  6:28  Marine  
  77  6:35  SCV  
  77  6:38  SCV  
  78  6:47  Command Center  
  78  6:53  SCV x2  
  80  6:55  Supply Depot  
  80  6:57  Starport Reactor  
  80  7:03  Marine  
  81  7:13  Factory Reactor  
  81  7:19  Supply Depot  
  81  7:21  Marine  
  82  7:23  Command Center  
  82  7:29  Armory  
  82  7:31  SCV x2  
  82  7:35  Viking  
  82  7:36  Viking  
  88  7:39  Marine  
  88  7:41  Supply Depot  
  88  7:43  SCV  
  88  7:44  SCV  
  92  7:54  Orbital Command  
  92  7:56  SCV x2  
  92  7:57  Marine  
  94  8:03  Supply Depot  
  94  8:08  SCV x2  
  96  8:17  Terran Vehicle And Ship Armor Level 1  
  96  8:18  Terran Infantry Armor Level 2, Terran Infantry Weapons Level 2  
  96  8:27  Barracks  
  96  8:28  Barracks  
  96  8:34  Barracks  
  96  8:37  Barracks  
  96  8:39  Barracks  
  96  8:46  SCV, Refinery  
  96  8:47  SCV x2  
  99  8:49  Refinery  
  99  8:54  Supply Depot  
  99  9:02  Viking x2  
  103  9:13  SCV x3  
  106  9:20  Armory  
  106  9:24  Barracks Tech Lab  
  106  9:26  Barracks Reactor  
  106  9:27  Barracks Tech Lab  
  106  9:28  Barracks Tech Lab x2  
  106  9:29  Barracks Tech Lab  
  106  9:30  Barracks Reactor  
  106  9:31  Barracks Reactor x4  
  106  9:35  Viking x2  
  110  9:43  Starport  
  110  9:49  Starport  
  110  9:50  Starport  
  110  9:54  Orbital Command  
  112  10:00  Cyclone  
  112  10:04  Orbital Command  
  112  10:05  Viking x2  
  116  10:11  SCV  
  116  10:12  SCV x2  
  119  10:15  Terran Ship Weapons Level 1  
  119  10:20  Marine  
  119  10:21  Marine x10  
  130  10:29  Terran Vehicle And Ship Armor Level 2  
  130  10:38  Marine x4  
  130  10:39  SCV, Marine x7  
  130  10:40  SCV x3  
  145  10:46  Starport Reactor  
  145  10:48  Starport Reactor  
  145  10:54  SCV x4  
  145  10:56  Marine x8  
  154  11:00  SCV  
  158  11:13  Starport Reactor  
  158  11:15  Starport  
  158  11:17  Marine  
  158  11:18  Marine x10  
  169  11:30  Refinery  
  169  11:32  Refinery  
  169  11:35  SCV x2, Marine x2, Refinery  
  169  11:36  SCV x2, Marine x9  
  169  11:37  Refinery  
  184  11:43  Viking  
  186  11:53  Marine  
  187  11:59  SCV x2, Marine x5, Viking x2  
  187  12:00  SCV x2, Terran Infantry Weapons Level 3  
  200  12:39  Viking x2  
  200  12:44  Marine x2  
  200  12:45  Marine  
  200  12:46  SCV, Marine x2, Viking  
  169  13:02  Marine  
  169  13:03  Marine  
  169  13:04  Marine x2  
  110  13:18  Marine  
  110  13:19  Marine x6  
  104  13:20  Marine x2  
  104  13:22  Marine x2  
  104  13:23  Viking x8  
  124  13:28  Starport Reactor  
  124  13:36  Marine  
  124  13:37  Marine x6  
  124  13:38  Marine x2  
  124  13:39  Marine x2  
  135  13:53  Viking x8  
  135  13:54  Marine x3  
  135  13:55  Marine x4  
  158  13:56  Marine x2  
  158  13:57  Marine x2  
  162  14:03  Terran Ship Weapons Level 2  
  162  14:12  Marine x6  
  162  14:13  Marine x2  
  162  14:14  Marine, Terran Vehicle And Ship Armor Level 3  
  162  14:15  Marine x2  
  173  14:22  Viking  
  173  14:23  Viking x7  
  189  14:30  Marine x7  
  196  14:31  Marine  
  196  14:32  Marine  
  196  14:33  Marine x2  
  195  14:47  Marine  
  195  14:48  Marine x6  
  195  14:49  Marine  
  183  14:52  Viking  
  183  14:53  Viking x7  
  189  15:12  SCV  
  189  15:13  Marine  
  191  15:14  Marine x9  
  198  15:22  Viking  
  200  15:52  Terran Infantry Armor Level 3  
  158  17:13  Viking  
  158  17:14  Viking x7  
  158  17:15  Marine  
  174  17:16  Marine x10  
  183  17:33  Marine x5  
  183  17:34  Marine x6  
  194  17:43  Viking  
  170  17:44  Viking x7  
  170  17:51  Marine x10  
  184  17:52  Marine  
  195  18:09  Marine x5  
Show
View Real Time Build Order
Export as new Build Order

Scaramouche Terran 

Build Orders:  

Get SALT Encoding   

  12  0:00  SCV  
  13  0:12  SCV  
  14  0:19  Supply Depot  
  14  0:25  SCV  
  15  0:40  SCV  
  15  0:42  Barracks  
  16  0:45  Refinery  
  16  0:53  SCV  
  17  1:05  SCV  
  17  1:09  Refinery  
  18  1:17  SCV  
  19  1:29  Barracks Reactor  
  19  1:30  Orbital Command  
  19  1:39  Supply Depot  
  19  1:50  Factory  
  19  1:55  SCV  
  20  2:06  Reaper  
  21  2:10  SCV  
  21  2:13  Reaper  
  23  2:22  SCV  
  24  2:31  Command Center  
  26  2:37  Hellion  
  26  2:39  SCV  
  27  2:51  SCV  
  28  2:57  Reaper x2  
  30  3:03  Supply Depot  
  30  3:05  Factory Tech Lab  
  30  3:08  Starport  
  30  3:10  SCV  
  31  3:25  SCV  
  32  3:30  Marine  
  32  3:31  Marine  
  34  3:37  SCV  
  34  3:40  Cyclone  
  37  3:45  Starport Reactor  
  37  3:46  Refinery  
  37  3:48  Barracks  
  38  3:49  Orbital Command, SCV  
  38  3:53  Marine  
  39  4:00  Marine  
  39  4:01  SCV  
  41  4:13  SCV  
  41  4:21  SCV, Marine  
  41  4:22  Marine, Liberator x2  
  47  4:34  SCV x2  
  49  4:44  Barracks Reactor  
  49  4:45  Marine x2  
  49  4:46  SCV x2  
  49  4:47  Factory  
  53  4:58  SCV  
  54  5:04  Supply Depot  
  54  5:06  Supply Depot  
  54  5:22  SCV x2  
  54  5:25  Siege Tank, Marine x2  
  54  5:26  Marine x2  
  61  5:31  Supply Depot  
  61  5:34  Supply Depot  
  61  5:42  Viking x2  
  65  5:43  SCV x2  
  67  5:55  SCV x2  
  69  6:00  Siege Tank  
  72  6:07  SCV x2  
  72  6:08  Engineering Bay  
  72  6:10  Widow Mine x2  
  72  6:13  Supply Depot  
  72  6:14  Supply Depot  
  72  6:15  Viking  
  72  6:17  Viking  
  76  6:25  Refinery  
  76  6:32  Siege Tank  
  79  6:35  Widow Mine x2  
  73  6:58  Missile Turret  
  73  6:59  Missile Turret  
  73  7:00  Missile Turret  
  73  7:01  Viking x2  
  73  7:04  Missile Turret  
  73  7:07  Widow Mine x2  
  81  7:09  SCV  
  80  7:23  Missile Turret  
  80  7:25  Missile Turret  
  80  7:26  Missile Turret  
  80  7:27  SCV x2  
  82  7:38  Hellion x2  
  82  7:39  Medivac  
  88  7:50  Widow Mine  
  90  8:03  Missile Turret, Armory  
  90  8:09  SCV  
  90  8:10  SCV  
  90  8:12  Missile Turret  
  92  8:19  Missile Turret  
  92  8:20  Command Center  
  92  8:21  Missile Turret  
  92  8:22  SCV  
  93  8:31  Widow Mine x2  
  93  8:32  Command Center  
  97  8:39  Factory  
  97  8:45  SCV x2  
  99  8:56  Widow Mine  
  101  9:14  SCV  
  102  9:31  Factory Tech Lab  
  102  9:32  SCV, Barracks Reactor, Widow Mine, Siege Tank, Viking x2  
  102  9:33  Supply Depot  
  102  9:34  Factory  
  102  9:35  Supply Depot  
  112  9:39  Supply Depot  
  112  9:46  SCV x2  
  112  9:50  Orbital Command  
  114  9:58  SCV x2  
  116  10:07  Thor, Widow Mine x2  
  116  10:08  Refinery, Missile Turret  
  116  10:09  Refinery  
  116  10:12  Thor  
  132  10:15  Terran Vehicle Weapons Level 1  
  132  10:21  SCV x3  
  134  10:26  Missile Turret  
  134  10:27  Supply Depot, Viking  
  137  10:29  Supply Depot  
  137  10:31  Viking  
  137  10:32  Drilling Claws  
  139  10:42  Widow Mine x2  
  143  10:54  Supply Depot  
  143  10:56  Supply Depot, Thor x2  
  155  11:04  Planetary Fortress  
  155  11:05  SCV x2  
  155  11:06  SCV  
  164  11:18  Widow Mine x3  
  164  11:19  Widow Mine  
  166  11:39  Widow Mine  
  168  11:41  Thor, Missile Turret, Widow Mine x3  
  168  11:42  Widow Mine  
  168  11:43  Missile Turret  
  168  11:45  Missile Turret  
  182  11:53  Liberator x2  
  188  12:00  Supply Depot  
  188  12:01  SCV x3  
  191  12:11  Refinery x2  
  191  12:14  Command Center  
  191  12:16  Widow Mine x2  
  191  12:17  Terran Vehicle And Ship Armor Level 1  
  191  12:21  Sensor Tower  
  191  12:22  Widow Mine x2  
  199  12:28  Armory  
  196  12:48  Thor  
  196  12:49  Cyclone, Hellion  
  196  12:50  Hellion x2  
  177  12:58  Siege Tank  
  168  13:11  Cyclone, Hellion x2  
  174  13:16  Fusion Core  
  174  13:19  SCV x3  
  175  13:21  Hellion  
  175  13:22  Liberator x2  
  183  13:31  Siege Tank, SCV  
  183  13:32  Hellion  
  189  13:39  Siege Tank, Hellion  
  174  13:43  Hellion x2  
  176  13:54  Hellion  
  178  14:01  Hellion  
  180  14:06  Liberator x2  
  180  14:09  Terran Vehicle Weapons Level 2  
  186  14:10  Advanced Ballistics  
  186  14:12  Hellion  
  188  14:39  Siege Tank  
  188  14:40  Siege Tank, Hellion  
  188  14:41  Widow Mine x2  
  179  14:49  Hellion  
  124  14:54  Medivac x2  
  114  15:02  Hellion  
  114  15:05  SCV x3  
  115  15:11  Siege Tank  
  115  15:12  Siege Tank  
  121  15:19  Hellion x3  
  121  15:20  Terran Vehicle And Ship Armor Level 2  
  118  15:23  Hellion  
  120  15:31  SCV  
  121  15:43  Siege Tank  
  121  15:44  Siege Tank, Sensor Tower, SCV x3  
  121  15:45  Hellion, Widow Mine  
  121  15:46  Widow Mine x2, Viking x2  
  141  16:08  Widow Mine x3  
  141  16:09  Widow Mine  
  149  16:21  Missile Turret  
  141  16:42  Thor x2  
  141  16:43  Medivac  
  151  17:06  Hellion x2  
  151  17:07  Hellion  
  157  17:17  Viking  
  157  17:18  Viking  
  161  17:24  Thor x2  
  173  17:42  Hellion  
  173  17:43  Hellion  
  161  17:50  Liberator  
  94  18:15  Hellion x2  
  94  18:16  Hellion x2  
Show
View Real Time Build Order
Export as new Build Order

telemaque Protoss 

Build Orders: 1 Gate Expand 

Get SALT Encoding   

  12  0:00  Probe  
  13  0:21  Pylon  
  13  0:24  Probe  
  14  0:43  Gateway  
  14  0:56  Assimilator  
  14  0:57  Probe (Chrono Boost)  
  15  1:07  Probe (Chrono Boost)  
  16  1:12  Probe (Chrono Boost)  
  17  1:23  Probe  
  18  1:36  Nexus  
  18  1:51  Cybernetics Core  
  18  2:07  Pylon  
  18  2:08  Assimilator  
  18  2:14  Probe (Chrono Boost)  
  19  2:26  Probe (Chrono Boost)  
  20  2:34  Probe (Chrono Boost)  
  20  2:36  Stalker (Chrono Boost)  
  21  2:40  Probe  
  24  2:52  Probe  
  24  2:54  Pylon  
  24  2:57  Shield Battery  
  24  3:05  Forge  
  24  3:17  Probe, Stargate  
  24  3:18  Probe  
  26  3:35  Stalker  
  28  3:45  Probe x2  
  30  3:54  Photon Cannon  
  30  3:57  Probe x2  
  30  4:01  Photon Cannon  
  32  4:05  Oracle (Chrono Boost)  
  35  4:13  Probe x2  
  37  4:25  Probe  
  37  4:31  Probe  
  39  4:33  Oracle (Chrono Boost)  
  39  4:37  Probe  
  43  4:40  Stalker  
  43  4:43  Probe  
  46  4:54  Robotics Facility  
  46  4:56  Pylon  
  46  5:06  Pylon, Probe x2  
  48  5:11  Pylon  
  48  5:18  Probe x2  
  50  5:46  Probe x2  
  52  5:51  Stalker  
  54  5:58  Probe x2  
  54  6:00  Observer  
  61  6:04  Void Ray  
  61  6:10  Robotics Bay  
  65  6:18  Immortal  
  65  6:20  Stargate  
  59  6:57  Shield Battery  
  59  6:59  Photon Cannon  
  59  7:02  Photon Cannon  
  59  7:04  Photon Cannon  
  59  7:07  Assimilator  
  59  7:11  Assimilator, Pylon  
  59  7:15  Pylon  
  59  7:17  Phoenix x2 (Chrono Boost)  
  63  7:33  Phoenix (Chrono Boost)  
  63  7:34  Photon Cannon  
  63  7:39  Photon Cannon  
  63  8:03  Phoenix x2  
  67  8:18  Probe  
  67  8:19  Probe  
  69  8:21  Protoss Air Weapons Level 1  
  69  8:30  Probe  
  69  8:31  Probe  
  71  8:37  Nexus  
  71  8:41  Assimilator  
  71  8:45  Assimilator  
  71  8:48  Pylon  
  71  8:52  Pylon  
  71  8:54  Stargate  
  71  8:56  Pylon  
  71  8:59  Pylon  
  68  9:18  Probe x2  
  70  9:28  Phoenix x2  
  70  9:30  Probe, Protoss Shields Level 1  
  70  9:31  Probe  
  76  9:43  Probe (Chrono Boost)  
  76  9:44  Probe (Chrono Boost)  
  81  9:53  Probe (Chrono Boost)  
  81  9:54  Probe (Chrono Boost)  
  81  9:55  Probe (Chrono Boost)  
  82  10:01  Pylon  
  82  10:02  Probe (Chrono Boost)  
  82  10:03  Probe x2 (Chrono Boost)  
  82  10:04  Pylon  
  84  10:07  Shield Battery, Probe (Chrono Boost)  
  85  10:19  Probe x3  
  88  10:24  Phoenix x3  
  88  10:26  Colossus  
  100  10:30  Protoss Air Armor Level 1  
  100  10:31  Probe x3  
  103  10:43  Probe x3  
  103  10:49  Phoenix x3  
  112  10:54  Photon Cannon  
  112  10:57  Photon Cannon  
  112  11:00  Photon Cannon  
  112  11:04  Photon Cannon  
  124  11:19  Pylon  
  124  11:20  Observer  
  124  11:22  Pylon  
  124  11:23  Void Ray x2  
  124  11:24  Void Ray  
  125  11:26  Pylon  
  125  11:38  Immortal  
  129  11:46  Nexus  
  128  11:47  Pylon  
  128  11:51  Pylon  
  128  11:54  Pylon  
  128  11:59  Pylon  
  128  12:00  Assimilator  
  140  12:02  Twilight Council  
  140  12:03  Fleet Beacon  
  140  12:04  Assimilator  
  140  12:06  Cybernetics Core, Void Ray x2  
  140  12:07  Void Ray  
  140  12:23  Stargate  
  140  12:26  Stargate  
  95  13:12  Protoss Shields Level 2  
  105  13:13  Void Ray x2  
  105  13:14  Void Ray x2  
  105  13:22  Probe x2  
  105  13:23  Probe x2  
  113  13:34  Probe, Colossus  
  113  13:35  Probe x3  
  113  13:38  Void Ray  
  131  13:56  Void Ray x2  
  131  14:13  Protoss Air Weapons Level 2  
  131  14:15  Protoss Air Armor Level 2  
  131  14:18  Probe (Chrono Boost)  
  132  14:28  Observer, Probe (Chrono Boost)  
  132  14:30  Shield Battery  
  134  14:33  Shield Battery, Probe (Chrono Boost)  
  134  14:36  Photon Cannon  
  135  14:40  Tempest x4, Photon Cannon  
  135  14:44  Probe  
  135  14:45  Photon Cannon  
  156  14:49  Photon Cannon  
  138  14:56  Probe  
  133  15:07  Tempest  
  133  15:12  Immortal  
  142  15:22  Tempest x2  
  152  15:50  Nexus  
  152  15:52  Tempest x2  
  152  15:54  Assimilator x2, Pylon  
  152  15:56  Immortal  
  166  15:57  Pylon x2  
  166  16:01  Pylon x2  
  166  16:02  Tempest  
  171  16:19  Tempest  
  152  16:35  Immortal  
  96  17:22  Void Ray x3  
  116  17:23  Void Ray x2  
  110  17:51  Unknown  
  110  17:57  Immortal  
Tags
 
Add a new tag
Caveats
  • Supply blocks, unpowered buildings, or Contaminate may cause inaccurate times.
  • Supply counts are checked every 10 seconds.